[Event "Late-Titled-Tuesday-Blitz-March-12-2024"]
[Site "Chess.com"]
[Date "2024.03.12"]
[Round "6"]
[White "Rodalquilar"]
[Black "BilodeauA"]
[Result "0-1"]
[WhiteElo "2792"]
[BlackElo "3007"]
[TimeControl "180+1"]
[EndTime "15:04:39 PDT"]
[Termination "BilodeauA won by checkmate"]

1. d4 d5 2. Nf3 Nf6 3. Bf4 e6 4. e3 Bd6 5. Nbd2 Nc6 6. Bxd6 cxd6 7. c4 O-O 8. Be2 dxc4 9. Nxc4 b6 10. O-O Bb7 11.
Rc1 Ne7 12. a4 Rc8 13. Nfd2 Qd7 14. Qb3 Rc7 15. Rc2 Rfc8 16. Rfc1 Bd5 17. Qb4 h6 18. Bd3 Ne8 19. e4 Bxc4 20. Rxc4 d5 21. Rxc7 Rxc7 22.
Rxc7 Qxc7 23. Qc3 dxe4 24. Bxe4 Qd7 25. b3 Nf6 26. h3 Nxe4 27. Nxe4 Nf5 28. a5 bxa5 29.
Qxa5 Qxd4 30. Nc5 Kh7 31. Qxa7 Ng3 32. Qc7 Ne2+ 33. Kh2 Qxf2 34. Ne4 Qg1# 0-1

[Event "Late-Titled-Tuesday-Blitz-March-12-2024"]
[Site "Chess.com"]
[Date "2024.03.12"]
[Round "6"]
[White "N4700000"]
[Black "Rinqed222"]
[Result "1-0"]
[WhiteElo "2497"]
[BlackElo "2336"]
[TimeControl "180+1"]
[EndTime "15:04:39 PDT"]
[Termination "N4700000 won by resignation"]

1. e4 e6 2. d4 d5 3. Nc3 Nf6 4. e5 Nfd7 5. Qh5 c5 6. Nf3 g6 7. Qg4 cxd4 8. Nxd4 Nxe5 9. Qg3 Bg7 10. Bf4 Nbc6 11. Bb5 O-O 12. Bxc6 Nxc6 13. Nxc6 bxc6 14. O-O f6 15. Bd6 Rf7 16. Na4 e5 17. Ba3 Bf8 18.
Bxf8 Qxf8 19. Qc3 Qd6 20. b4 d4 21. Qd2 Rb8 22. a3 Be6 23. Nc5 Bc4 24. Rfe1 a5 25.
c3 Rd8 26. Rad1 axb4 27. axb4 Ra7 28. cxd4 Qxd4 29. Qc1 Qxd1 30. Rxd1 Rda8 31. Qxc4+ 1-0

[Event "Late-Titled-Tuesday-Blitz-March-12-2024"]
[Site "Chess.com"]
[Date "2024.03.12"]
[Round "6"]
[White "PawnEatingZombie"]
[Black "IngOscarArdila"]
[Result "1/2-1/2"]
[WhiteElo "2113"]
[BlackElo "2336"]
[TimeControl "180+1"]
[EndTime "15:04:39 PDT"]
[Termination "Game drawn by repetition"]

1. e4 e5 2. Nf3 Nf6 3. Nc3 Nc6 4. Bb5 Bb4 5. O-O O-O 6. Bxc6 bxc6 7. d3 d6 8. Bg5 h6 9. Bh4 Bg4 10. h3 Bh5 11. g4 Bg6 12. Nd2 Bh7 13. Bxf6 Qxf6 14.
Qf3 Qh4 15. Qg3 Qxg3+ 16. fxg3 Rab8 17. Rab1 Bc5+ 18. Kg2 Rfd8 19. Nc4 f6 20. Na4 Bd4 21.
c3 Bb6 22. Naxb6 cxb6 23. Ne3 d5 24. Nf5 Kf8 25. Rbd1 Rd7 26. c4 Rbd8 27. cxd5 cxd5 28.
Rc1 dxe4 29. dxe4 Rd2+ 30. Rf2 Rxf2+ 31. Kxf2 Bxf5 32. gxf5 Rd2+ 33. Ke3 Rxb2 34. Rc8+ Kf7 35. Rc7+ Kg8 36. Rxa7 h5 37. h4 Kh7 38. a4 Rb3+ 39.
Kf2 Rb4 40. Kf3 Rb3+ 41. Kf2 Kh6 42. Ra8 Kh7 43. Ra7 1/2-1/2

[Event "Late-Titled-Tuesday-Blitz-March-12-2024"]
[Site "Chess.com"]
[Date "2024.03.12"]
[Round "6"]
[White "emeli_chess"]
[Black "Koalaskakistis"]
[Result "1-0"]
[WhiteElo "2396"]
[BlackElo "2524"]
[TimeControl "180+1"]
[EndTime "15:04:44 PDT"]
[Termination "emeli_chess won by checkmate"]

1. d4 Nf6 2. c4 g6 3. Nc3 Bg7 4. e4 O-O 5. Be3 d6 6. f3 e5 7. d5 a5 8. Qd2 Na6 9. Bd3 Nc5 10.
Bc2 Nh5 11. O-O-O f5 12. exf5 gxf5 13. Nge2 a4 14. h3 a3 15. b3 f4 16. Bxc5 dxc5 17. d6 cxd6 18. Qxd6 Qa5 19. Ne4 Bf5 20. N2c3 Rac8 21.
Rd5 Rfd8 22. Qe7 Re8 23. Qg5 Bg6 24. Rhd1 Qa6 25. Rd6 Qa5 26. Rxg6 hxg6 27. Qxg6 Ng3 28. Nf6+ Kf8 29. Nd7+ Kg8 30. Nd5 Rf8 31. Ne7+ Kh8 32. Qh7# 1-0

[Event "Late-Titled-Tuesday-Blitz-March-12-2024"]
[Site "Chess.com"]
[Date "2024.03.12"]
[Round "6"]
[White "cassoulet"]
[Black "RianKapriaga"]
[Result "1-0"]
[WhiteElo "2773"]
[BlackElo "2288"]
[TimeControl "180+1"]
[EndTime "15:04:44 PDT"]
[Termination "cassoulet won on time"]

1. d4 Nf6 2. Bg5 d5 3. Bxf6 exf6 4. e3 c6 5. Nd2 Bd6 6. g3 Nd7 7. Bg2 Nf8 8. Ne2 h5 9. h4 Bg4 10. c4 dxc4 11. Nxc4 Bc7 12. O-O Ne6 13. Qc2 g5 14. f3 gxh4 15. fxg4 hxg4 16. gxh4 Rxh4 17. Rfd1 Qe7 18. d5 Bh2+ 19. Kf1 Ng5 20. dxc6 bxc6 21. Bxc6+ Kf8 22. Bxa8 Nf3 23. Qf5 Kg7 24. Rd7 Qe8 25.
Bd5 Ng5 26. Kg2 Bb8 27. Ng3 Rh3 28. Nd6 Bxd6 29. Rxd6 Qb8 30. Qxf6+ Kf8 31. Rd8+ Qxd8 32. Qxd8+ 1-0

[Event "Late-Titled-Tuesday-Blitz-March-12-2024"]
[Site "Chess.com"]
[Date "2024.03.12"]
[Round "6"]
[White "Zohid6"]
[Black "Msb2"]
[Result "0-1"]
[WhiteElo "2896"]
[BlackElo "3034"]
[TimeControl "180+1"]
[EndTime "15:04:45 PDT"]
[Termination "Msb2 won by resignation"]

1. e4 e6 2. d4 d5 3. Nc3 Nf6 4. e5 Nfd7 5. Nce2 c5 6. c3 Nc6 7.
Nf3 Be7 8. a3 O-O 9. Nf4 Qa5 10.
Be3 cxd4 11. b4 Qd8 12. cxd4 Nb6 13. Bd3 f5 14. h4 Nc4 15. g4 Nb2 16. Qe2 Nxd3+ 17.
Qxd3 fxg4 18. Nh2 g3 19. fxg3 Bd7 20. Nf3 h6 21. g4 Rc8 22. Rb1 a6 23. Ng5 Bxg5 24.
hxg5 Qxg5 25. Nxe6 Qxg4 26. Nxf8 Rxf8 27. Rg1 Qh4+ 28.
Kd2 Bf5 29. Qb3 Qh2+ 30. Kc3 Ne7 31. b5 a5 0-1

[Event "Late-Titled-Tuesday-Blitz-March-12-2024"]
[Site "Chess.com"]
[Date "2024.03.12"]
[Round "6"]
[White "yosephtaher"]
[Black "Kildepiotr"]
[Result "1-0"]
[WhiteElo "2980"]
[BlackElo "2700"]
[TimeControl "180+1"]
[EndTime "15:04:47 PDT"]
[Termination "yosephtaher won on time"]

1. d4 Nf6 2. Nc3 d5 3. Bf4 e6 4. Nb5 Na6 5. e3 Be7 6. Nf3 O-O 7. Ne5 c5 8. c3 Nd7 9. Bd3 Nxe5 10. Bxe5 Bd7 11.
a4 c4 12. Be2 Bxb5 13. axb5 Nc7 14. Qa4 a6 15. b6 Nb5 16. Qa5 Rc8 17. O-O Rc6 18. Bg3 Qxb6 19. Qa2 Nd6 20. f3 Qd8 21. Rae1 b5 22. Qb1 a5 23. e4 b4 24. Bd1 b3 25. e5 Nb5 26. f4 a4 27. f5 exf5 28.
Qxf5 a3 29. Qf2 a2 30. Bf3 Nc7 31. Bf4 Bg5 32. Bg3 Rh6 33. Ra1 Bh4 34. h3 Qg5 35. Bg4 Bxg3 36. Qxg3 Qe7 37. Rf2 Rg6 38. Qf3 Ra6 39. Bf5 f6 40. e6 g6 41. Qg3 Kg7 42. Bg4 Rd6 43. Re2 Re8 44. h4 Nxe6 45. h5 Qf7 46. Qxd6 Nxd4 47. Rxe8 Qxe8 48. cxd4 Qe3+ 49. Kh2 Qxd4 50. Qd7+ Kh6 51. hxg6 hxg6 52. Bf3 1-0

[Event "Late-Titled-Tuesday-Blitz-March-12-2024"]
[Site "Chess.com"]
[Date "2024.03.12"]
[Round "6"]
[White "Firouzja2003"]
[Black "sergiochess83"]
[Result "1-0"]
[WhiteElo "3138"]
[BlackElo "2905"]
[TimeControl "180+1"]
[EndTime "15:04:50 PDT"]
[Termination "Firouzja2003 won on time"]

1. e4 e6 2. d4 d5 3. e5 c5 4. c3 Nc6 5. Nf3 Bd7 6. Be2 f6 7.
O-O fxe5 8. Nxe5 Nxe5 9. dxe5 Qc7 10. Bf4 Ne7 11. c4 O-O-O 12. Nc3 dxc4 13. Bxc4 Ng6 14. Bg3 h5 15. Qc2 h4 16. Qxg6 hxg3 17. Qxg3 Be7 18. Rad1 g5 19. Ne4 Kb8 20. Nd6 Rdf8 21. Be2 Bc6 22.
Qb3 Bd5 23. Qg3 Rf4 24. Rfe1 Bxd6 25. exd6 Qxd6 26. Bf3 Kc7 27. Bxd5 exd5 28. Qxg5 Rd8 29. Rxd5 Qxd5 30. Qxf4+ Kc6 31. Qa4+ Kb6 32. h4 a6 33. Qb3+ Qxb3 34. axb3 Rd2 35. h5 Rxb2 36. h6 Rd2 37. h7 Rd8 38. g4 1-0

[Event "Late-Titled-Tuesday-Blitz-March-12-2024"]
[Site "Chess.com"]
[Date "2024.03.12"]
[Round "6"]
[White "Bauman_Guy"]
[Black "Mikhail_Golubev"]
[Result "1-0"]
[WhiteElo "2920"]
[BlackElo "2679"]
[TimeControl "180+1"]
[EndTime "15:04:50 PDT"]
[Termination "Bauman_Guy won on time"]

1. e4 c5 2. Nf3 d6 3. d4 Nf6 4. Nc3 cxd4 5. Nxd4 g6 6. Be3 Bg7 7. f3 Nc6 8. Qd2 O-O 9. O-O-O d5 10. exd5 Nxd5 11.
Nxc6 bxc6 12. Bd4 Bxd4 13. Qxd4 Qb6 14. Ne4 Ne3 15. Rd3 Nxf1 16. Rxf1 Ba6 17. c4 c5 18. Qc3 Bb7 19. Nf2 Rfd8 20. Re1 Qc7 21. Qe5 Qa5 22. Kb1 Ba6 23. b3 Bxc4 24. Rc3 Be6 25. Ne4 Bf5 26.
Qxc5 Qxc5 27. Rxc5 Rd2 28. Rc2 Rxc2 29. Kxc2 Rd8 30. Kc3 Kg7 31. Nc5 Rc8 32. b4 a5 33.
Rxe7 axb4+ 34. Kxb4 Rb8+ 35. Kc3 Rc8 36. Kb4 Rd8 37.
g4 Bc8 38. Rc7 Kf6 39. a4 Rd4+ 40. Kc3 Rd8 41. a5 1-0

[Event "Late-Titled-Tuesday-Blitz-March-12-2024"]
[Site "Chess.com"]
[Date "2024.03.12"]
[Round "6"]
[White "marcodobrikov"]
[Black "ccccvhhhj"]
[Result "0-1"]
[WhiteElo "2591"]
[BlackElo "2473"]
[TimeControl "180+1"]
[EndTime "15:04:53 PDT"]
[Termination "ccccvhhhj won by checkmate"]

1. Nc3 e6 2. f4 f5 3. e4 fxe4 4.
Nxe4 Nf6 5. Nxf6+ Qxf6 6. d4 Nc6 7.
Nf3 Be7 8. Bd3 O-O 9. c3 b6 10.
O-O Bb7 11. Bd2 a5 12. Qc2 h6 13. Rae1 Ba6 14. Bh7+ Kf7 15. Ne5+ Ke8 16. Bg6+ Kd8 17. Nxc6+ dxc6 18. Rf3 Kc8 19. h3 Kb7 20. Rfe3 Qxf4 21. Rxe6 Qf2+ 22. Kh2 Bd6+ 23. Rxd6 cxd6 24. Re7+ Kb8 25.
Qe4 Bb7 26. Be3 Qf6 27. d5 cxd5 28. Re8+ Rxe8 29. Qxe8+ Ka7 30. Qb5 Qe5+ 31. Bf4 Qxf4+ 32. Kh1 Rf8 33. Bd3 Qc1+ 34. Kh2 Qf4+ 35. Kh1 Qe3 36. b4 a4 37. Qxa4+ Kb8 38. Qb5 d4 39. Qxb6 Qxh3+ 40. Kg1 Qxg2# 0-1

[Event "Late-Titled-Tuesday-Blitz-March-12-2024"]
[Site "Chess.com"]
[Date "2024.03.12"]
[Round "6"]
[White "Zampronha1971"]
[Black "TigrVShlyape"]
[Result "0-1"]
[WhiteElo "2342"]
[BlackElo "2889"]
[TimeControl "180+1"]
[EndTime "15:04:54 PDT"]
[Termination "TigrVShlyape won by resignation"]

1. e4 e5 2. Nf3 Nc6 3. d4 exd4 4. Nxd4 Bc5 5. Be3 Qf6 6. c3 Nge7 7. Bc4 Bb6 8. O-O O-O 9. Na3 Qg6 10. Nxc6 bxc6 11. Bxb6 axb6 12. Re1 d6 13. Nc2 Kh8 14. Qd2 Be6 15. Ne3 Qxe4 16. Bxe6 fxe6 17. Nc2 Qg6 18. a3 e5 19. f3 Nd5 20. Nb4 Ne7 21. Qe2 c5 22. Nc2 Nd5 23. Qe4 Qe6 24. Rad1 Nf4 25.
c4 Rae8 26. Ne3 Qf7 27. Nd5 Ne6 28. b4 g5 29. Qe3 Qg7 30. Qe4 Nf4 31. Qd4 0-1

[Event "Late-Titled-Tuesday-Blitz-March-12-2024"]
[Site "Chess.com"]
[Date "2024.03.12"]
[Round "6"]
[White "gxbg2000"]
[Black "ferdipy"]
[Result "0-1"]
[WhiteElo "2053"]
[BlackElo "2315"]
[TimeControl "180+1"]
[EndTime "15:04:54 PDT"]
[Termination "ferdipy won by resignation"]

1. e4 e6 2. d4 d5 3. Nc3 Bb4 4. a3 Bxc3+ 5. bxc3 dxe4 6. Qg4 Nf6 7. Qxg7 Rg8 8. Qh6 Rg6 9. Qd2 c5 10. Bb2 Nc6 11. O-O-O Qa5 12. Ne2 Bd7 13. Nf4 Rg8 14. g3 O-O-O 15. Bc4 Qb6 16. h3 Na5 17. Ba2 Bc6 18.
Rhe1 c4 19. Ng2 Bd5 20. Ne3 Nd7 21. Qe2 f5 22. Nxc4 Nxc4 23. Bxc4 Kb8 24. Bxd5 exd5 25. c4 dxc4 26. Qxc4 Rc8 27. Qb4 Qc7 28. Rd2 Nb6 29.
Qc5 Qxc5 30. dxc5 Rxc5 31. Rde2 Nc4 32. f3 exf3 33. Rf2 Rxg3 34. Bd4 Rd5 35. Bb2 Nxb2 36. Kxb2 Rxh3 37. Re3 f4 38. Rexf3 Rxf3 39. Rxf3 Rf5 40. Kc3 Kc7 41. Kd4 Kd6 42. Ke4 Rf8 43. a4 Kc5 44. c3 Kc4 45. Ke5 Kb3 46. Kd6 Kxa4 47. Kc7 b5 48.
Kc6 a5 49. Kb6 b4 50. cxb4 axb4 0-1

[Event "Late-Titled-Tuesday-Blitz-March-12-2024"]
[Site "Chess.com"]
[Date "2024.03.12"]
[Round "6"]
[White "Likvidator228"]
[Black "Kosak12"]
[Result "0-1"]
[WhiteElo "2603"]
[BlackElo "2789"]
[TimeControl "180+1"]
[EndTime "15:04:55 PDT"]
[Termination "Kosak12 won by resignation"]

1. d4 Nf6 2. Nf3 c5 3. c3 cxd4 4. cxd4 d5 5. Nc3 Nc6 6. Bf4 Bf5 7. Qb3 Na5 8. Qa4+ Bd7 9. Qc2 e6 10. e3 Be7 11. Bd3 Rc8 12. h3 b5 13. a3 Nc4 14.
O-O O-O 15. Rfc1 a5 16. Qe2 Qb6 17. Ne5 Rfd8 18. Nxd7 Nxd7 19. a4 bxa4 20. Nxa4 Qb4 21. b3 Nd6 22. Qd1 Nf6 23. Ba6 Ra8 24. Nc5 Nfe4 25.
Nxe4 Nxe4 26. Bd3 Nc3 27. Qe1 Rac8 28. Rc2 Qxb3 29. Rxa5 Bb4 30. Ra7 Nb5 31. Rxc8 Rxc8 32. Qa1 Nxa7 33. Qxa7 Qxd3 34. Qb7 Qc4 0-1

[Event "Late-Titled-Tuesday-Blitz-March-12-2024"]
[Site "Chess.com"]
[Date "2024.03.12"]
[Round "6"]
[White "Vadim_Galchenko"]
[Black "KuzubovYuriy"]
[Result "0-1"]
[WhiteElo "2602"]
[BlackElo "2915"]
[TimeControl "180+1"]
[EndTime "15:04:59 PDT"]
[Termination "KuzubovYuriy won by resignation"]

1. e4 e6 2. d4 d5 3. Nd2 Nc6 4. Ngf3 Nf6 5. e5 Nd7 6. Be2 f6 7. exf6 Qxf6 8. Nf1 Bd6 9. Ne3 O-O 10. O-O Qg6 11. c4 Nf6 12. c5 Be7 13. Bb5 Bd7 14.
Bxc6 Bxc6 15. Ne5 Qe8 16. a4 a5 17. Bd2 Nd7 18. Nxc6 bxc6 19. Qg4 Bf6 20. Bc3 e5 21.
Nc2 Qf7 22. Rae1 exd4 23. Nxd4 Nxc5 24. Nxc6 Ne4 25. Re3 Ra6 26. Nd4 Bxd4 27. Bxd4 Nd2 28. Qh4 Rg6 29. Rc1 Nf3+ 30. Rxf3 Qxf3 31. g3 Rg4 0-1

[Event "Late-Titled-Tuesday-Blitz-March-12-2024"]
[Site "Chess.com"]
[Date "2024.03.12"]
[Round "6"]
[White "vi_pranav"]
[Black "Iljiushenok_Ilya"]
[Result "1-0"]
[WhiteElo "3039"]
[BlackElo "2780"]
[TimeControl "180+1"]
[EndTime "15:05:00 PDT"]
[Termination "vi_pranav won by resignation"]

1. e4 c6 2. d4 d5 3. e5 Bf5 4. Nf3 e6 5. Be2 Ne7 6. O-O c5 7.
c3 Nec6 8. a3 Nd7 9. Re1 Rc8 10.
Bd3 Bg4 11. Be3 cxd4 12. cxd4 Qb6 13. Nc3 Bxf3 14. Qxf3 Qxb2 15. Nxd5 exd5 16. Bf5 Nxd4 17. Bxd7+ Kxd7 18. Qxf7+ Be7 19. Qxd5+ Ke8 20. Bxd4 Qc2 21. Qxb7 Rf8 22. h3 Rf4 23. Be3 Rfc4 24. Rac1 Qa4 25. Rxc4 Rxc4 26. e6 Qxa3 27. Qb5+ 1-0

[Event "Late-Titled-Tuesday-Blitz-March-12-2024"]
[Site "Chess.com"]
[Date "2024.03.12"]
[Round "6"]
[White "chessamical"]
[Black "PapaieDudu"]
[Result "0-1"]
[WhiteElo "2218"]
[BlackElo "2436"]
[TimeControl "180+1"]
[EndTime "15:05:01 PDT"]
[Termination "PapaieDudu won by checkmate"]

1. d4 d5 2. Bf4 Nf6 3. e3 e6 4. Nf3 Bd6 5. Nbd2 O-O 6. Ne5 c5 7. c3 Nc6 8. Bd3 cxd4 9. exd4 Qc7 10. Ndf3 Rd8 11. Qe2 b6 12. Ng5 Rf8 13. h4 h6 14.
Rc1 Bb7 15. Rh3 Rac8 16. Rg3 Bxe5 17. dxe5 hxg5 18. hxg5 Ne4 19. Bxe4 dxe4 20. Qh5 Rfd8 21. Rh3 Kf8 22. Qh8+ Ke7 23. Qxg7 Rg8 24. Qf6+ Ke8 25.
Rh8 Ne7 26. g6 fxg6 27. Bg5 Rxh8 28. Qxh8+ Kd7 29. Qg7 Re8 30. Rd1+ Bd5 31. b3 Qxc3+ 32. Kf1 Qc2 33. Rc1 Qd3+ 34. Kg1 e3 35. Bxe3 Qe4 36.
Qf6 Qxg2# 0-1

[Event "Late-Titled-Tuesday-Blitz-March-12-2024"]
[Site "Chess.com"]
[Date "2024.03.12"]
[Round "6"]
[White "GilbertoHernandezAmura"]
[Black "jinxy2009"]
[Result "0-1"]
[WhiteElo "2440"]
[BlackElo "2237"]
[TimeControl "180+1"]
[EndTime "15:05:02 PDT"]
[Termination "jinxy2009 won by resignation"]

1. c4 g6 2. g3 Nf6 3. Bg2 Bg7 4. Nc3 c5 5. d3 O-O 6. Nf3 Nc6 7. O-O d5 8. Nd2 d4 9. Nce4 Nd7 10. g4 e5 11. g5 Qe7 12. a3 f5 13. gxf6 Nxf6 14. Nxf6+ Bxf6 15. Ne4 Bg7 16. Bg5 Qc7 17. Nxc5 h6 18.
Bh4 g5 19. Bg3 Qe7 20. b4 Bd7 21. Nxd7 Qxd7 22. c5 Ne7 23. Qb3+ Kh7 24. b5 h5 25. h4 gxh4 26. Bxh4 Ng6 27. Bg3 h4 28. Bh2 Qg4 29. Kh1 h3 30. Bxb7 Rab8 31. Be4 Qxe2 32. Rg1 Rxf2 33. Bxg6+ Kh8 34. Bg3 Qf3+ 0-1

[Event "Late-Titled-Tuesday-Blitz-March-12-2024"]
[Site "Chess.com"]
[Date "2024.03.12"]
[Round "6"]
[White "AryanTari"]
[Black "NelsonLinda"]
[Result "0-1"]
[WhiteElo "2905"]
[BlackElo "2643"]
[TimeControl "180+1"]
[EndTime "15:05:03 PDT"]
[Termination "NelsonLinda won by resignation"]

1. a3 g6 2. h4 Nf6 3. e4 Nxe4 4. h5 Nf6 5. hxg6 fxg6 6. d4 Bg7 7. Nf3 b6 8. Bd3 Bb7 9. Bh6 Rg8 10. Nc3 e6 11. Bg5 Qe7 12. Rxh7 Qf8 13. Bxg6+ Kd8 14.
d5 Kc8 15. dxe6 Nxh7 16. e7 Bxc3+ 17. bxc3 Qg7 18. e8=Q+ Rxe8+ 19. Bxe8 Nxg5 20. Nxg5 Qxg5 21. Qe2 Bc6 22. f3 Kb7 23. Rd1 d6 24. Bf7 Nd7 25. a4 a5 26. Kf2 Rf8 27. Be6 Ne5 28. Rh1 Nxf3 29. gxf3 Rxf3+ 30. Qxf3 Bxf3 0-1

[Event "Late-Titled-Tuesday-Blitz-March-12-2024"]
[Site "Chess.com"]
[Date "2024.03.12"]
[Round "6"]
[White "kinga2008"]
[Black "enriquebutti"]
[Result "1-0"]
[WhiteElo "2441"]
[BlackElo "2221"]
[TimeControl "180+1"]
[EndTime "15:05:08 PDT"]
[Termination "kinga2008 won by resignation"]

1. e4 e6 2. Nf3 d5 3. exd5 exd5 4. d4 Nc6 5. c4 Bb4+ 6. Bd2 Bxd2+ 7. Qxd2 Nge7 8. Nc3 O-O 9. Be2 dxc4 10. Bxc4 Bg4 11. d5 Bxf3 12. gxf3 Ne5 13. Be2 N5g6 14. f4 Qd6 15.
O-O-O Qxf4 16. h4 Qxd2+ 17. Rxd2 Nf4 18. Bf3 Rad8 19. Rd4 Nfg6 20. h5 Ne5 21. Bg2 Nf5 22. Rd2 Nd6 23. f4 Ng4 24. Bf3 Nf6 25. h6 g6 26. Re1 Rfe8 27. Re5 Nf5 28. Rde2 Nxh6 29.
Nb5 Rxe5 30. fxe5 Nxd5 31. Rd2 c6 32. Nd6 Rd7 33. Bxd5 cxd5 34. Rxd5 Nf5 35. Nxf5 Rxd5 36. Ne7+ Kf8 37. Nxd5 Ke8 38. Nf6+ Ke7 39. Nxh7 Ke6 40. Ng5+ Kxe5 41. Nxf7+ Kf4 42. Kd2 g5 43. Nd6 g4 44.
Ke2 Kg3 45. Nxb7 Kh2 46. Nc5 g3 47. Nd3 g2 48. Ne1 g1=Q 49. Nf3+ Kg2 50. Nxg1 Kxg1 51. b4 Kg2 52. a4 1-0

[Event "Late-Titled-Tuesday-Blitz-March-12-2024"]
[Site "Chess.com"]
[Date "2024.03.12"]
[Round "6"]
[White "zajka-molotok"]
[Black "Sajkochess"]
[Result "1-0"]
[WhiteElo "2570"]
[BlackElo "2341"]
[TimeControl "180+1"]
[EndTime "15:05:09 PDT"]
[Termination "zajka-molotok won by resignation"]

1. e4 c6 2. d4 d5 3. e5 c5 4.
dxc5 Nc6 5. Nf3 Bg4 6. c3 e6 7. b4 Bxf3 8. Qxf3 Nxe5 9. Bb5+ Nc6 10. O-O Nf6 11. Bf4 Be7 12. Nd2 O-O 13. Rfe1 Ne8 14.
Nb3 Bf6 15. Rad1 Nc7 16. Bd6 Re8 17. a4 Nxb5 18. axb5 Ne7 19. Na5 Qd7 20. Bxe7 Bxe7 21. c6 bxc6 22. bxc6 Qd6 23. b5 a6 24. Nc4 Qc5 25. Ne5 f6 26. Nd7 Qxb5 27. Rxe6 Ba3 28. c4 Qb4 29. Rxe8+ Rxe8 30. Qxd5+ Kh8 31. g3 Re1+ 32.
Rxe1 Qxe1+ 33. Kg2 Qe7 34. c7 1-0

[Event "Late-Titled-Tuesday-Blitz-March-12-2024"]
[Site "Chess.com"]
[Date "2024.03.12"]
[Round "6"]
[White "ACollins05"]
[Black "Danito1954"]
[Result "0-1"]
[WhiteElo "2545"]
[BlackElo "2332"]
[TimeControl "180+1"]
[EndTime "15:05:09 PDT"]
[Termination "Danito1954 won by resignation"]

1. Nf3 d5 2. e3 Bg4 3. b3 Nd7 4. d4 c6 5. Bb2 e6 6. Be2 f5 7. Nbd2 Ngf6 8. O-O Bd6 9. Ne5 Bxe2 10. Qxe2 O-O 11. c4 Ne4 12. Ndf3 Qe7 13. Rac1 Nxe5 14.
Nxe5 Bxe5 15. dxe5 f4 16. f3 Ng3 17. Qd3 Nxf1 18. Rxf1 fxe3 19. Qxe3 dxc4 20. bxc4 Qb4 21. Ba3 Qxc4 22. Bxf8 Rxf8 23. Qxa7 b5 24. Qd7 c5 25. a3 h6 26. Qd2 Ra8 27. Rc1 Qd4+ 28. Qxd4 cxd4 29. Rd1 Ra4 30. Kf2 Kf7 31. Kg3 g5 32. h4 Kg6 33. hxg5 hxg5 34. Kg4 d3+ 35. Kg3 Rxa3 36. Kf2 Kf5 37. Ke3 Kxe5 38. Rb1 Ra5 39.
Kxd3 Kf4 40. Rb4+ Kf5 41. g4+ Ke5 42. Re4+ Kf6 43. Rb4 Ra3+ 44. Ke2 Ra5 45. Ke3 Ke5 46.
Rb1 Kd5 47. Rd1+ Kc5 48. Ke4 Ra4+ 49. Ke5 Ra3 50. Rc1+ Kb6 51. Ke4 b4 52. f4 gxf4 53.
Kxf4 Kb5 54. g5 Ra2 55. Ke5 Rg2 56. Kf6 b3 57. Re1 b2 58. g6 Kc4 59. g7 e5 60.
Re2 b1=Q 61. Rxg2 Qf1+ 62. Kxe5 Qxg2 63. Kf6 Qd5 64. Ke7 Qg8 65. Kf6 Kd5 66. Kg6 Ke5 0-1

[Event "Late-Titled-Tuesday-Blitz-March-12-2024"]
[Site "Chess.com"]
[Date "2024.03.12"]
[Round "6"]
[White "David_ATM"]
[Black "Redzishchess"]
[Result "1-0"]
[WhiteElo "2394"]
[BlackElo "2513"]
[TimeControl "180+1"]
[EndTime "15:05:10 PDT"]
[Termination "David_ATM won by resignation"]

1. e4 c5 2. c3 e5 3. d4 cxd4 4. cxd4 exd4 5. Ne2 Nc6 6. Nxd4 Nf6 7. Nc3 Bc5 8. Nxc6 bxc6 9. Bd3 O-O 10. O-O d5 11. exd5 Bg4 12. Qc2 cxd5 13. Bg5 Rc8 14. Bxh7+ Kh8 15.
Bf5 Rc6 16. Bxg4 d4 17. Ne4 d3 18. Qa4 Qd5 19. Bxf6 gxf6 20. Bf3 Rd6 21. Nxd6 Qxd6 22.
Qh4+ Kg7 23. Qg4+ Kh8 24. Qh5+ Kg7 25. Qg4+ Kh8 26. Qh3+ Kg7 27. Qg3+ Kh8 28. Qxd6 Bxd6 29. Rad1 Be5 30. Rxd3 Rg8 31. g3 Kg7 32. b3 Rc8 33. Rfd1 Rc2 34. R3d2 Rc3 35. Kg2 a5 36. Re2 Bc7 37. Rb1 Kg6 38. a3 Bd6 39. b4 Rxa3 40. b5 Bb4 41. b6 Rd3 42. b7 Rd8 43. Rc2 1-0

[Event "Late-Titled-Tuesday-Blitz-March-12-2024"]
[Site "Chess.com"]
[Date "2024.03.12"]
[Round "6"]
[White "zano2023"]
[Black "Matalon"]
[Result "0-1"]
[WhiteElo "2215"]
[BlackElo "2484"]
[TimeControl "180+1"]
[EndTime "15:05:10 PDT"]
[Termination "Matalon won by checkmate"]

1. d4 Nf6 2. Nd2 d5 3. Ngf3 c5 4. e3 Nc6 5. c3 e6 6. Bd3 Bd6 7. O-O O-O 8. dxc5 Bxc5 9. e4 a5 10.
Qe2 b6 11. e5 Nd7 12. Re1 Be7 13. Nf1 Nc5 14. Bc2 Ba6 15. Qe3 Rc8 16. Ng3 b5 17.
Nh5 b4 18. Nxg7 Ne4 19. Qh6 f5 20. Nh5 Rf7 21. Qxe6 bxc3 22. bxc3 Qf8 23. Qxd5 Nb4 24. cxb4 Rxc2 25. Qe6 Bc8 26. Qb3 Rc3 27. Qd5 Bxb4 28. Rxe4 Bb7 29. Qd2 fxe4 30. Qg5+ Kh8 31. e6 Rf5 32.
Qg7+ Qxg7 33. Nxg7 Kxg7 34. Bb2 exf3 35. a3 Kg6 36. axb4 Rb3 37. Bd4 Rxb4 38. Be3 Re5 39. gxf3 Bxf3 40. Rc1 a4 41. h4 Rxh4 42. Ra1 Rh1# 0-1

[Event "Late-Titled-Tuesday-Blitz-March-12-2024"]
[Site "Chess.com"]
[Date "2024.03.12"]
[Round "6"]
[White "Yeritsyaan"]
[Black "nj123456"]
[Result "1/2-1/2"]
[WhiteElo "2649"]
[BlackElo "2478"]
[TimeControl "180+1"]
[EndTime "15:05:11 PDT"]
[Termination "Game drawn by repetition"]

1. c4 Nf6 2. g3 e6 3. Bg2 d5 4.
Nf3 Be7 5. O-O O-O 6. b3 c5 7. Bb2 Nc6 8. cxd5 exd5 9. d4 b6 10. Nc3 Bb7 11. Rc1 h6 12. dxc5 Bxc5 13. e3 Re8 14. Na4 Be7 15. Nd4 Ne5 16. Nf5 Bf8 17. Nc3 Rc8 18. Nb5 Rxc1 19. Bxc1 Qd7 20. Nfd4 Ba6 21. a4 Ne4 22. Bb2 Rc8 23. Nf3 Nxf3+ 24.
Bxf3 Bxb5 25. axb5 Qxb5 26. Bd4 a5 27. Bg4 Rd8 28.
Be2 Qb4 29. Bd3 Bc5 30. Ba1 Be7 31. Qg4 Bf6 32. Bxe4 Qxe4 33. Qxe4 dxe4 34. Bxf6 gxf6 35. Rc1 Rd3 36. Rb1 b5 37. Kf1 Rd2 38. Ra1 Rb2 39. Rxa5 Rxb3 40. Kg2 Kg7 41. g4 Kg6 42. Kg3 f5 43. h4 fxg4 44. Kxg4 Rb2 45. Ra6+ Kg7 46. Kg3 b4 47. Rb6 h5 48. Rb5 Kg6 49. Rb6+ f6 50.
Re6 Kf5 51. Rb6 b3 52. Rb5+ Kg6 53. Rb4 f5 54. Rb6+ Kf7 55. Rb4 Ke6 56. Rb5 Rb1 57. Kf4 b2 58. Rb6+ Kd5 59. Kxf5 Kc4 60. Kxe4 Kc3 61. Rc6+ Kd2 62. Rb6 Kc3 63. Rc6+ Kd2 64.
Rb6 Kc3 1/2-1/2

[Event "Late-Titled-Tuesday-Blitz-March-12-2024"]
[Site "Chess.com"]
[Date "2024.03.12"]
[Round "6"]
[White "Hikaru"]
[Black "shimastream"]
[Result "1-0"]
[WhiteElo "3256"]
[BlackElo "2978"]
[TimeControl "180+1"]
[EndTime "15:05:13 PDT"]
[Termination "Hikaru won by resignation"]

1. d4 d5 2. c4 e6 3. Nc3 a6 4.
cxd5 exd5 5. Nf3 Nf6 6. Bg5 Be6 7. Qb3 Nbd7 8. e3 b5 9. Qc2 c5 10. dxc5 Bxc5 11. Bd3 h6 12. Bh4 O-O 13. O-O Rc8 14. Qb1 Qb6 15. a4 d4 16. exd4 Bxd4 17. axb5 axb5 18.
Nxb5 Bc5 19. Nc3 Be7 20. Re1 Rb8 21. Bg3 Rb7 22. Bf5 Nc5 23. Bxe6 Nxe6 24. Be5 Qxb2 25.
Qxb2 Rxb2 26. Nd5 Rb7 27. Nxe7+ Rxe7 28. Bd6 Rfe8 29. Bxe7 Rxe7 30. Nd4 Nd5 31. Nxe6 fxe6 32. g3 Kf7 33. Ra3 Nf6 34. Rea1 e5 35. Ra7 g5 36. Kf1 Rxa7 37. Rxa7+ Kg6 38. Re7 Kf5 39. h3 h5 40. Ra7 h4 41. Ra4 e4 42. Ra5+ Kg6 43.
gxh4 gxh4 44. Re5 Kh6 45. Ke2 1-0